 Dungeon Crawl Stone Soup version 0.29-a0-9-g022ca4c890 (webtiles) character file.

Game seed: 2128494878522391863

772 MacCMillion the Spear-Bearer (level 7, -6/55 HPs)
             Began as a Merfolk Gladiator on Jan 28, 2022.
             Was a Plaything of Xom.
             Mangled by an iguana (9 damage)
             ... on level 5 of the Dungeon.
             The game lasted 00:07:57 (5213 turns).

MacCMillion the Spear-Bearer (Merfolk Gladiator)    Turns: 5213, Time: 00:07:58

Health: -6/55      AC:  5    Str: 16    XL:     7   Next: 83%
Magic:  7/7        EV: 14    Int:  7    God:    Xom [....*.]
Gold:   201        SH:  0    Dex: 16    Spells: 6/6 levels left

rFire   . . .      SeeInvis .   a - +0 trident
rCold   . . .      Faith    .   (no shield)
rNeg    . . .      Spirit   .   b - +0 leather armour
rPois   .          Reflect  .   c - +0 helmet
rElec   .          Harm     .   (no cloak)
rCorr   .          Rampage  .   j - +0 pair of gloves
Will    .....                   (no boots)
Stlth   +.........              (no amulet)
HPRegen 0.18/turn               (no ring)
MPRegen 0.10/turn               (no ring)

@: no status effects
A: (nimble swimmer 2), mertail
a: Renounce Religion


You were on level 5 of the Dungeon.
You worshipped Xom.
You were a beloved toy of Xom.
You visited 1 branch of the dungeon, and saw 5 of its levels.

You collected 201 gold pieces.

Inventory:

Hand Weapons
 a - a +0 trident (weapon)
Missiles
 d - 4 throwing nets (quivered)
 p - 8 poisoned darts
Armour
 b - a +0 leather armour (worn)
 c - a +0 helmet (worn)
 j - a +0 pair of gloves (worn)
Jewellery
 l - a ring of positive energy
Wands
 e - a wand of digging (6)
Scrolls
 f - a scroll of vulnerability {unknown}
 g - 4 scrolls of identify {unknown}
 h - a scroll of acquirement {unknown}
 k - a scroll of teleportation {unknown}
 o - a scroll of silence {unknown}
Potions
 i - a potion of degeneration {unknown}
 m - 2 potions of curing {unknown}
 n - a potion of ambrosia {unknown}
 q - 2 potions of cancellation {unknown}


   Skills:
 + Level 4.3 Fighting
 * Level 9.2 Polearms
 + Level 3.7 Throwing
 - Level 0.6 Armour
 + Level 6.1 Dodging
 - Level 0.6 Stealth


You had 6 spell levels left.
You didn't know any spells.
Your spell library was empty.

Dungeon Overview and Level Annotations

Branches:
Dungeon (5/15)
 Temple: D:4-7

Altars:
Cheibriados
Uskayaw
Xom
Yredelemnul

Annotations:
D:3 4 runed translucent doors, Colgate's ghost, amateur HOCA


Innate Abilities, Weirdness & Mutations

((You are very nimble when in or above water. (Stealth+, EV+, Speed+++)))
Your lower body shifts to a powerful aquatic tail in water.


Message History

You are too injured to fight recklessly!
You are too injured to fight recklessly!
Unknown command.
The iguana bites you but does no damage.
The iguana closely misses you.
You hit the iguana.
The iguana is heavily wounded.
The iguana bites you!
You hit the iguana but do no damage.
The iguana is heavily wounded.
You barely miss the iguana.
The iguana is heavily wounded.
The iguana misses you.
You hit the iguana.
The iguana is heavily wounded.
The iguana closely misses you.
You hit the iguana but do no damage.
The iguana is heavily wounded.
The iguana bites you but does no damage.
You barely miss the iguana.
The iguana is heavily wounded.
The iguana bites you!
* * * LOW HITPOINT WARNING * * *
You barely miss the iguana.
The iguana is heavily wounded.
The iguana bites you.
* * * LOW HITPOINT WARNING * * *
You hit the iguana but do no damage.
The iguana is heavily wounded.
The iguana barely misses you.
You closely miss the iguana.
The iguana is heavily wounded.
You hit the iguana but do no damage.
The iguana is heavily wounded.
The iguana bites you!
* * * LOW HITPOINT WARNING * * *
You hit the iguana.
The iguana is almost dead.
The iguana bites you!
You die...

........................#
.......#................#
.......#................#
...<...#................#
..†....#................+
..##...#########...##...# ..
#>..# ....###...##...######
.
#(...............#....÷<...#
.
#.............@l)#.........#
#............!...#.........#
##...##.....##...####.####.#
#.>.# ..... #...# #.# .#
..... .... ..... ... .
.....#.. .......#..) . .
........#... .. .......#


You could see an iguana.

Vanquished Creatures
  A black bear (D:4)
  2 ogres
  2 scorpions
  An orc priest (D:4)
  A centaur skeleton (D:4)
  A hound (D:3)
  Terence (D:2)
  An iguana (D:4)
  2 orc wizards (D:4)
  A hound skeleton (D:4)
  11 adders
  A river rat (D:4)
  2 adder skeletons (D:4)
  2 worms (D:4)
  5 dart slugs
  An orc (D:4)
  6 bats
  7 endoplasms
  4 giant cockroaches
  6 goblins
  5 hobgoblins
  4 kobolds
  A quokka (D:3)
  13 ball pythons
  3 frilled lizards
  A goblin skeleton (D:3)
  4 rats
89 creatures vanquished.

Vanquished Creatures (others)
  A demonic plant (D:1)
1 creature vanquished.

Grand Total: 90 creatures vanquished

Notes
Turn   | Place    | Note
-------+----------+-------------------------------------------
     0 | D:1      | MacCMillion the Merfolk Gladiator began the quest for the
                  | Orb.
     0 | D:1      | Reached XP level 1. HP: 16/16 MP: 1/1
   161 | D:1      | Reached XP level 2. HP: 23/23 MP: 2/2
   302 | D:1      | Reached skill level 5 in Polearms
   639 | D:1      | Reached XP level 3. HP: 28/28 MP: 3/3
   774 | D:1      | Found a faded altar of an unknown god.
   858 | D:1      | Prayed at the altar of an unknown god.
   858 | D:1      | Became a worshipper of Xom of Chaos
  1138 | D:1      | XOM: divination: magic mapping
  1364 | D:2      | XOM: silly message
  1403 | D:2      | Reached skill level 6 in Polearms
  1403 | D:2      | Reached XP level 4. HP: 21/34 MP: 4/4
  1671 | D:2      | Noticed Terence
  1682 | D:2      | Killed Terence
  1737 | D:2      | XOM: scenery: create altars
  1830 | D:2      | Found a snail-covered altar of Cheibriados.
  2102 | D:3      | Found a runed translucent gate.
  2103 | D:3      | Found a runed translucent gate.
  2105 | D:3      | Found a runed translucent gate.
  2108 | D:3      | Noticed a kobold brigand
  2108 | D:3      | Noticed Colgate's ghost (amateur HOCA)
  2116 | D:3      | Found a runed translucent door.
  2116 | D:3      | Noticed a human
  2118 | D:3      | Found a basalt altar of Yredelemnul.
  2152 | D:3      | XOM: potion effect (might)
  2157 | D:3      | Reached XP level 5. HP: 37/40 MP: 5/5
  2287 | D:3      | XOM: 1-stop teleportation journey
  2290 | D:3      | XOM: noise
  2585 | D:3      | XOM: potion effect (brilliance)
  2588 | D:3      | Reached skill level 7 in Polearms
  2960 | D:3      | XOM: silly message
  3140 | D:4      | Noticed a black bear
  3160 | D:4      | XOM: noise
  3165 | D:4      | XOM: potion effect (heal wounds)
  3196 | D:4      | Killed a black bear
  3197 | D:4      | Reached skill level 5 in Dodging
  3197 | D:4      | Reached XP level 6. HP: 11/47 MP: 6/6
  3481 | D:4      | XOM: butterfly on damage
  3812 | D:4      | Found a hide-covered altar of Uskayaw.
  3827 | D:4      | XOM: divination: detect creatures
  3840 | D:4      | Reached skill level 8 in Polearms
  3840 | D:4      | Reached XP level 7. HP: 10/53 MP: 7/7
  3948 | D:4      | XOM: silly message
  4194 | D:4      | XOM: silly message
  4594 | D:4      | XOM: 4-stop teleportation journey
  4642 | D:5      | Entered Level 5 of the Dungeon
  4680 | D:4      | XOM: 1-stop teleportation journey
  4830 | D:5      | Reached skill level 9 in Polearms
  5006 | D:4      | XOM is BORED!
  5213 | D:5      | Mangled by an iguana

Illustrated notes

Levels and vault maps discovered:
D:1:      dpeg_arrival_arbitrary_a, layout_loops_ring,
          dreamdust_ecumenical_altar_sealed_demon, serial_aquarium,
          aquarium_bridge_square [aquarium_subvault_bridge,
          aquarium_subvault_wall, aquarium_subvault_wall,
          aquarium_subvault_wall], aquarium_window_fake, aquarium_window_1,
          aquarium_window_1, aquarium_window_corridor_3, aquarium_view_2d,
          aquarium_balcony_1b, hangedman_decor_points
D:2:      layout_basic, basic_altar, minmay_misc_feat_more_columns, uniq_terence
D:3:      layout_loops_corners, dk_yredelemnul_ordeal,
          gammafunk_ghost_nasty_kobolds
D:4:      layout_loops_ring, mainiacjoe_overflow_tiny_flanked,
          portal_sewer_entry_e, kennysheep_cluttered_room, moated_statue,
          minmay_misc_feat_nine_boxes, kennysheep_opposing_triangles
D:5:      layout_gridville, minmay_temple_entry_ruins, uniq_duvessa

Skill      XL: |  1  2  3  4  5  6  7 |
---------------+----------------------+-----
Polearms       | 5 6 7 8 9 |  9.2
Fighting       | 3 4 |  4.3
Dodging        | 5 6 |  6.1
Throwing       | 3 |  3.7
Armour         | |  0.6
Stealth        | |  0.6

Action                   |  1- 3 |  4- 6 |  7- 9 || total
-------------------------+-------+-------+-------++-------
Melee: Trident           |   109 |   126 |    97 ||   332
       Punch             |     1 |     1 |     3 ||     5
  Use: Scroll            |       |     1 |       ||     1
 Stab: Sleeping          |     4 |     4 |     5 ||    13
Armor: Leather armour    |    25 |    35 |    17 ||    77
Dodge: Dodged            |    57 |   107 |    45 ||   209

Table legend: (Time is in decaauts)
 A = Elapsed time spent in this place.
 B = Non-inter-level travel time spent in this place.
 C = Inter-level travel time spent in this place.
 D = Time resting spent in this place.
 E = Time spent auto-exploring this place.
 F = Levels seen in this place.
 G = Mean time per level.
                   A        B        C        D        E       F      G
               +--------+--------+--------+--------+--------+-----+--------+
         Total |   5200 |   4899 |    301 |    570 |   3495 |   5 | 1040.0 |
       Dungeon |   5200 |   4899 |    301 |    570 |   3495 |   5 | 1040.0 |
               +--------+--------+--------+--------+--------+-----+--------+

Top non-repeatable levels by time:
     D:4: 1700 daAuts
     D:3: 1331 daAuts
     D:1: 1259 daAuts
     D:2: 828 daAuts
     D:5: 81 daAuts
